 Dungeon Crawl Stone Soup version 0.25-a0-185-g6cfeca7 (console) character file.

Game seed: 13765944423773455067, levelgen mode: deterministic

44 swinepaste the Vexing (level 3, 0/19 HPs)
             Began as a Vampire Enchanter on Nov 27, 2019.
             Slain by a leopard gecko (2 damage)
             ... on level 1 of the Dungeon.
             The game lasted 00:03:24 (1288 turns).

swinepaste the Vexing (Vampire Enchanter)           Turns: 1288, Time: 00:03:25

Health: 0/19       AC:  2    Str:  7    XL:     3   Next: 41%
Magic:  0/6        EV: 12    Int: 18    God:
Gold:   49         SH:  0    Dex: 14    Spells: 0/6 levels left

rFire    . . .     SeeInvis +   a - +1 dagger
rCold    + + .     Gourm    .   (no shield)
rNeg     + + +     Faith    .   b - +0 robe
rPois    ∞         Spirit   .   (no helmet)
rElec    .         Reflect  .   (no cloak)
rCorr    .         Harm     .   (no gloves)
MR       .....                  (no boots)
Stlth    +++++.....             (no amulet)
HPRegen  0.00/turn              (no ring)
MPRegen  0.10/turn              (no ring)

@: bloodless
A: no food, fangs 3, see invisible, unbreathing
a: Bat Form, Revivify


You were on level 1 of the Dungeon.
You were bloodless.

You visited 1 branch of the dungeon, and saw 2 of its levels.

You collected 49 gold pieces.

Inventory:

Hand Weapons
 a - a +1 dagger (weapon)
Armour
 b - a +0 robe (worn)
Jewellery
 e - an uncursed amulet of regeneration {unknown}
Scrolls
 c - 5 scrolls of identify {unknown}
 f - a scroll of remove curse {unknown}
 g - a scroll of amnesia {unknown}
 i - a scroll of fog {unknown}
Potions
 d - 2 potions of agility {unknown}
 h - a potion of haste {unknown}


   Skills:
 - Level 1.1 Short Blades
 - Level 2.1 Dodging
 - Level 4.4 Stealth
 + Level 2.4 Spellcasting
 * Level 5.6 Hexes
 * Level 1.3 Ice Magic


You couldn't memorise any spells.
You knew the following spells:

 Your Spells              Type           Power        Failure   Level  Hunger
a - Corona                Hex            ###....      1%          1    N/A
c - Confuse               Hex            ###.....     5%          3    N/A
e - Ensorcelled Hibernat  Hex/Ice        ##....       6%          2    N/A

Your spell library contained the following spells:

 Spells                   Type           Power        Failure   Level  Hunger
 Tukima's Dance           Hex            ###.....     5%          3    N/A
 Dazzling Spray           Conj/Hex       ##....       16%         3    N/A

Dungeon Overview and Level Annotations

Branches:
Dungeon (2/15)

Altars:
Xom


Innate Abilities, Weirdness & Mutations

You do not eat.
You do not regenerate when monsters are visible.
You are frail without blood (-20% HP).
You can heal yourself when you bite living creatures.
You are immune to poison.
You have razor-sharp teeth.
You have supernaturally acute eyesight. (SInv)
You can survive without breathing.


Message History

The leopard gecko misses you.
You miss the leopard gecko. Your bite misses the leopard gecko.
The leopard gecko is moderately wounded.
The leopard gecko bites you.
* * * LOW HITPOINT WARNING * * *
You barely miss the leopard gecko.
The leopard gecko is moderately wounded.
The leopard gecko misses you.
You hit the leopard gecko but do no damage.
The leopard gecko is moderately wounded.
The leopard gecko bites you.
* * * LOW HITPOINT WARNING * * *
You hit the leopard gecko.
The leopard gecko is heavily wounded.
The leopard gecko bites you.
* * * LOW HITPOINT WARNING * * *
You hit the leopard gecko.
The leopard gecko is almost dead.
The leopard gecko bites you.
You die...

......### #.##.# #.........
.....########.##.###
##.#######
....##.............# #.# #
#.####.######.##.#.# #.# #
#.# #.# #..#.#.######.## #
#)####.### ##.#.#.##......#
# #..[.....# #...#.##......#
#
.##......######l.#.........#
#
.........'.†....V#.........#
#
.^.^.....#########........##
### .^π^.....### ##########
#.. .^^^.....'.# #.#
.........#.# #.#
#........#.# #.#
##########.# #.# # #.# #.# #
#.# #.#


You could see a leopard gecko.

Vanquished Creatures
  An ooze (D:1)
  2 dart slugs (D:1)
  9 goblins
  2 hobgoblins (D:1)
  6 jackals (D:1)
  A ball python (D:1)
  4 bats (D:1)
  2 frilled lizards
  2 kobolds (D:1)
  3 rats
32 creatures vanquished.

Notes
Turn   | Place    | Note
-------+----------+-------------------------------------------
     0 | D:1      | swinepaste the Vampire Enchanter began the quest for the
                  | Orb.
     0 | D:1      | Reached XP level 1. HP: 13/13 MP: 3/3
    65 | D:1      | Found a shimmering altar of Xom.
   252 | D:1      | Reached skill level 5 in Hexes
   269 | D:1      | Reached XP level 2. HP: 19/19 MP: 5/5
   273 | D:1      | Learned a level 2 spell: Ensorcelled Hibernation
   568 | D:1      | Reached skill level 1 in Ice Magic
   771 | D:1      | Reached XP level 3. HP: 16/19 MP: 3/6
   850 | D:1      | Learned a level 3 spell: Confuse
  1288 | D:1      | Slain by a leopard gecko

Levels and vault maps discovered:
D:1:      lemuel_arrival_rhombus, layout_basic, xom_teletrap_fun
D:2:      layout_rooms, minmay_misc_feat_tower, minivault_27,
          minmay_large_rounded_square, hangedman_feature_mirror

Skill      XL: |  1  2 |
---------------+-------+-----
Hexes          | 5 |  5.6
Ice Magic      | 1 |  1.3
Short Blades   | |  1.1
Dodging        | |  2.1
Stealth        | |  4.4
Spellcasting   | |  2.4

Action                   || total
-------------------------++-------
Melee: Dagger            ||   105
       Bite              ||     6
 Cast: Ensorcelled Hiber ||    16
 Abil: Exsanguinate      ||     1
 Stab: Sleeping          ||    17
Armor: Robe              ||    25
Dodge: Dodged            ||    84

Table legend:
 A = Non-vault XP
 B = Vault XP
 C = Vault XP percentage of total XP
 D = Non-vault monster count
 E = Vault monster count
 F = Vault count percentage of total count
                 A         B        C        D         E       F
            +---------+---------+-------+---------+---------+-------
      Total |      64 |       0 |   0.0 |      32 |       0 |   0.0
            +---------+---------+-------+---------+---------+-------
        D:1 |      60 |       0 |   0.0 |      29 |       0 |   0.0
        D:2 |       4 |       0 |   0.0 |       3 |       0 |   0.0
            +---------+---------+-------+---------+---------+-------
